 Dungeon Crawl Stone Soup version 0.23.2-30-g0e89c35649 (webtiles) character file.

Game seed: 154727080882430995

31859 DildoBatman the Thaumaturge (level 13, -17/91 HPs)
             Began as a Formicid Wizard on June 6, 2019.
             Was an Initiate of Gozag.
             Demolished by an orc knight
             ... wielding a +0 long sword
              (23 damage)
             ... on level 2 of the Orcish Mines.
             The game lasted 01:15:40 (14347 turns).

DildoBatman the Thaumaturge (Formicid Wizard)      Turns: 14347, Time: 01:15:40

Health: -17/91     AC:  9    Str: 22    XL:     13   Next: 99%
Magic:  31/31      EV: 12    Int: 22    God:    Gozag
Gold:   3627       SH: 13    Dex:  9    Spells: 31/41 levels left

rFire    + . .     SeeInvis +   a - +8 shortbow of the Three Dances {velocity, Str+4}
rCold    + . .     Gourm    +   n - +2 shield {rN+}
rNeg     + . .     Faith    .   D - +0 leather armour of Fowon {rPois rC+ Regen+ Str+5}
rPois    +         Spirit   .   (helmet unavailable)
rElec    .         Reflect  .   P - +2 cloak {+Inv}
rCorr    .         Harm     .   M - +0 pair of gloves
MR       +....                  N - +0 pair of boots {Stlth+}
Stlth    ++++......             J - amulet of the gourmand
HPRegen  0.65/turn              A - ring of wizardry
MPRegen  0.22/turn              Y - ring of protection from fire

@: studying Spellcasting
A: permanent stasis, dig shafts and tunnels, four strong arms, antennae 3
a: Dig, Shaft Self, Potion Petition, Call Merchant, Bribe Branch, Renounce
Religion, Evoke Invisibility


You were on level 2 of the Orcish Mines.
You worshipped Gozag.
Gozag was most pleased with you.
You were not hungry.

You visited 3 branches of the dungeon, and saw 15 of its levels.
You also visited: Sewer and Ice Cave.

You collected 5589 gold pieces.
You spent 1881 gold pieces at shops.
You paid 81 gold pieces to Gozag.

Inventory:

Hand Weapons
 a - the +8 shortbow of the Three Dances (weapon) {velocity, Str+4}
   (You found it in an ice cave)

   Any arrow fired from it inflicts extra damage.
   It affects your strength (+4).
 b - a +2 trident of venom
 e - the +8 flail of Laceration {flame, rF- rC- rN+++ MR++}
   (You found it in an ice cave)

   It has been specially enchanted to burn those struck by it, causing extra
   injury to most foes and up to half again as much damage against particularly
   susceptible opponents.
   It makes you vulnerable to fire.
   It makes you vulnerable to cold.
   It renders you almost immune to negative energy.
   It affects your resistance to hostile enchantments.
Missiles
 d - 353 stones
 i - 133 bolts
 l - 293 arrows (quivered)
 m - 2 throwing nets
 t - 6 javelins
 H - 95 sling bullets
Armour
 g - a scarf of resistance
 j - the +3 ring mail of Serendipity {rPois MR+}
   (You bought it in a shop on level 10 of the Dungeon)

   It protects you from poison.
   It affects your resistance to hostile enchantments.
 n - a +2 shield of positive energy (worn)
 B - a scarf of cloud immunity
 D - the +0 leather armour of Fowon (worn) {rPois rC+ Regen+ Str+5}
   (You bought it in a shop on level 10 of the Dungeon)

   It affects your strength (+5).
   It protects you from cold.
   It protects you from poison.
   It increases your rate of regeneration.
 M - a +0 pair of gloves (worn)
 N - a +0 pair of boots of stealth (worn)
 P - a +2 cloak of invisibility (worn)
 Q - a +0 animal skin of cold resistance
Magical Staves
 o - an uncursed staff of cold {unknown}
Jewellery
 c - an uncursed ring of resist corrosion
 y - a cursed ring of fire
 A - a ring of wizardry (left hand)
 F - an uncursed ring of ice
 J - an amulet of the gourmand (around neck)
 L - an uncursed ring of positive energy
 R - an uncursed ring of protection from cold {unknown}
 Y - a ring of protection from fire (right hand)
Wands
 u - a wand of acid (8)
 K - a wand of paralysis (11)
 S - a wand of scattershot (5)
 X - a wand of clouds (2)
Scrolls
 h - a scroll of enchant weapon {unknown}
 r - a scroll of random uselessness {unknown}
 s - 2 scrolls of enchant armour
 x - 7 scrolls of remove curse
 z - 10 scrolls of identify
 C - a scroll of magic mapping
 E - 4 scrolls of fear
Potions
 k - a potion of degeneration {unknown}
 p - a potion of heal wounds {unknown}
 q - 5 potions of curing
 w - 3 potions of lignification
Books
 f - a manual of Spellcasting
Comestibles
 v - 8 rations


   Skills:
 - Level 5.0 Fighting
   Level 5.0 Short Blades
 - Level 2.1 Polearms
 * Level 2.1 Bows
 - Level 5.0 Armour
 - Level 3.0 Dodging
 - Level 6.0 Stealth
 - Level 9.0 Shields
 * Level 14.6 Spellcasting
 - Level 6.0 Conjurations
 * Level 8.5 Hexes
   Level 1.0 Summonings
   Level 0.8 Translocations
 - Level 4.1 Fire Magic
 - Level 4.0 Air Magic
 - Level 6.0 Poison Magic
 - Level 10.0 Evocations


You had 31 spell levels left.
You knew the following spells:

 Your Spells              Type           Power        Failure   Level  Hunger
a - Conjure Flame         Conj/Fire      #####...     1%          3    None
b - Confuse               Hex            ######..     1%          3    None
c - Magic Dart            Conj           ####         1%          1    None
e - Mephitic Cloud        Conj/Pois/Air  #####...     1%          3    None

Your spell library contained the following spells:

 Spells                   Type           Power        Failure   Level  Hunger
 Beastly Appendage        Tmut           ###...       1%          1    None
 Confusing Touch          Hex            ######       1%          1    None
 Corona                   Hex            ######.      1%          1    None
 Call Imp                 Summ           ###.....     1%          2    None
 Ensorcelled Hibernation  Hex/Ice        ####..       1%          2    None
 Slow                     Hex            ######..     1%          2    None
 Throw Frost              Conj/Ice       ####..       1%          2    None
 Dazzling Spray           Conj/Hex       #####.       1%          3    None
 Spider Form              Tmut/Pois      ####......   1%          3    None
 Tukima's Dance           Hex            ######..     1%          3    None
 Sticks to Snakes         Tmut           ###.....     2%          2    None
 Gell's Gravitas          Tloc           ###.......   3%          3    None
 Throw Icicle             Conj/Ice       ####....     4%          4    None
 Metabolic Englaciation   Hex/Ice        ####......   9%          5    ###....
 Yara's Violent Unravell  Hex/Tmut       ####......   9%          5    ###....
 Summon Ice Beast         Ice/Summ       ###.....     14%         4    None
 Ice Form                 Ice/Tmut       ###.....     17%         4    None
 Petrify                  Tmut/Erth      ###.....     17%         4    None
 Blade Hands              Tmut           ###.......   43%         5    ###....
 Bolt of Cold             Conj/Ice       ####......   56%         6    #####..
 Simulacrum               Ice/Necr       ###.......   92%         6    #####..
 Blink                    Tloc           Unusable     N/A         2    N/A

Dungeon Overview and Level Annotations

Branches:
Dungeon (12/15)            Temple (1/1) D:5            Lair (0/6) D:10
    Orc (2/2) D:12
    Elf: Orc:2

Altars:
Ashenzari
Cheibriados
Dithmenos
Elyvilon
Fedhas
Gozag
Hepliaklqana
Kikubaaqudgha
Makhleb
Nemelex Xobeh
Okawaru
Qazlal
Ru
Sif Muna
Trog
Uskayaw
Vehumet
Wu Jian
Xom
Yredelemnul
Zin
The Shining One
Beogh

Shops:
D:4 :   D:10 [[?[%   Orc:1 =[%?

Annotations:
D:9 1 runed translucent door, Dragon00's ghost, novice MiBe


Innate Abilities, Weirdness & Mutations

You cannot be hasted, slowed, berserked, paralysed or teleported.
You can dig through walls and to a lower floor.
Your four strong arms can wield two-handed weapons with a shield.
You have a pair of large antennae on your head. (SInv)


Message History

The orc knight hits you with a +0 long sword!
You block the orc's attack. The orc warrior barely misses you.
Firing (i - inventory. (/) - cycle)
l - 295 arrows (quivered)
Press: ? - help, Shift-Dir - straight line, f/p - orc knight
Aim: an orc knight, wielding a +0 long sword and wearing a +0 plate armour (moderately wounded)
You shoot an arrow. The arrow hits the orc knight!
The orc knight is heavily wounded.
You block the orc knight's attack. The orc misses you.
The orc warrior hits you from afar with a +0 halberd!!
Firing (i - inventory. (/) - cycle)
l - 294 arrows (quivered)
Press: ? - help, Shift-Dir - straight line, f/p - orc knight
Aim: an orc knight, wielding a +0 long sword and wearing a +0 plate armour (heavily wounded)
You shoot an arrow. The arrow barely misses the orc knight.
The orc knight hits you with a +0 long sword!!
You die...
Your body crumbles into a pile of gold.

### ###
##...##......#.
#..........<##.
##.......#.....
####........#.##.
##.#.#...##.##.###
#.......#####...
##......# #.##
##).$#.## ###
#@...###
#..$o#o..#
#..$$o...##
....$.......
...(.........
...((....$....#
.(..(..........
(...... ..#.#.#


You could see an orc knight, an orc warrior and an orc.

Vanquished Creatures
  Frances (D:12)
  A frost giant (IceCv)
  4 hydras
  2 two-headed ogres (D:9)
  Urug (Orc:2)
  An orc knight (Orc:1)
  Pikel (D:4)
  2 orc sorcerers (Orc:1)
  A deep elf mage (D:12)
  An ugly thing (D:12)
  A manticore (D:10)
  An ice statue (IceCv)
  A centaur skeleton (D:9)
  4 kobold demonologists (D:11)
  2 ice devils (Orc:1)
  6 trolls
  20 polar bears (IceCv)
  4 hippogriffs
  A spriggan (D:7)
  Sigmund (D:1)
  A wyvern (D:11)
  29 yaks
  Grum (D:10)
  2 hungry ghosts
  2 wargs
  26 orc warriors
  4 slaves
  An eye of draining (D:11)
  A black bear (D:7)
  4 ice beasts
  11 ogres
  A phantom (D:6)
  5 sky beasts
  14 wolves
  8 centaurs
  4 big kobolds
  5 bullfrogs
  2 scorpions (D:8)
  2 water moccasin skeletons
  4 killer bees (D:9)
  5 wights
  A howler monkey (D:4)
  2 crimson imps (D:7)
  2 bullfrog skeletons
  12 orc priests
  Crazy Yiuf (D:7)
  5 hounds
  4 jellies
  13 orc wizards
  4 iguanas
  16 worker ants
  2 hound zombies
  4 hound skeletons
  2 worker ant zombies
  7 gnolls (D:2)
  12 adders
  5 shadow imps
  8 oozes
  An adder skeleton (D:4)
  3 adder zombies
  3 worms
  A dart slug (D:3)
  14 leopard geckos
  89 orcs
  10 bats
  17 giant cockroaches
  9 goblins
  6 hobgoblins
  13 jackals
  17 kobolds
  2 quokkas (D:8)
  14 ball pythons
  15 frilled lizards
  A leopard gecko zombie (D:6)
  A quokka zombie (D:8)
  10 rats
514 creatures vanquished.

Vanquished Creatures (others)
  A wolf (IceCv)
1 creature vanquished.

Grand Total: 515 creatures vanquished

Notes
Turn   | Place    | Note
-------+----------+-------------------------------------------
     0 | D:1      | DildoBatman the Formicid Wizard began the quest for the
                  | Orb.
     0 | D:1      | Reached XP level 1. HP: 13/13 MP: 4/4
    86 | D:1      | Reached skill level 1 in Conjurations
   150 | D:1      | Reached XP level 2. HP: 17/19 MP: 1/6
   278 | D:1      | Reached XP level 3. HP: 15/24 MP: 2/7
   326 | D:1      | Learned a level 3 spell: Conjure Flame
   330 | D:1      | Learned a level 3 spell: Mephitic Cloud
   650 | D:2      | Reached XP level 4. HP: 24/30 MP: 0/8
   982 | D:2      | Reached XP level 5. HP: 35/35 MP: 3/9
  1699 | D:2      | Noticed Sigmund
  1823 | D:3      | Found a white marble altar of Elyvilon.
  2146 | D:3      | Reached skill level 1 in Polearms
  2146 | D:3      | Reached XP level 6. HP: 18/41 MP: 0/10
  2388 | D:3      | Reached skill level 5 in Conjurations
  2398 | D:3      | Noticed a sky beast
  2412 | D:3      | Killed a sky beast
  2998 | D:4      | Reached XP level 7. HP: 46/46 MP: 4/11
  3146 | D:4      | Found Tucyoked's Book Boutique.
  3182 | D:4      | Found an ornate altar of the Wu Jian Council.
  3182 | D:4      | Found an opulent altar of Gozag.
  3190 | D:4      | Became a worshipper of Gozag Ym Sagoz the Greedy
  3451 | D:5      | Entered Level 5 of the Dungeon
  3468 | D:5      | Reached skill level 1 in Poison Magic
  3502 | D:5      | Noticed Pikel
  3586 | D:5      | Found a staircase to the Ecumenical Temple.
  3596 | D:5      | Reached skill level 1 in Fighting
  3596 | D:5      | Reached skill level 1 in Fire Magic
  3702 | D:5      | Reached skill level 1 in Air Magic
  3840 | D:5      | Reached XP level 8. HP: 48/54 MP: 1/13
  3878 | D:5      | Found a blossoming altar of Fedhas.
  3893 | D:5      | Found a glowing drain.
  3898 | Sewer    | Entered a sewer
  4471 | D:5      | Reached skill level 4 in Spellcasting
  4782 | Temple   | Entered the Ecumenical Temple
  5126 | D:6      | Got a pitted dagger
  5245 | D:6      | Found a shattered altar of Ashenzari.
  5255 | D:6      | Identified the +7 dagger of Doom {drain, Fragile Dex+8}
                  | (You found it on level 6 of the Dungeon)
  5299 | D:6      | Reached XP level 9. HP: 44/63 MP: 6/15
  5403 | D:6      | Reached skill level 5 in Stealth
  5551 | D:6      | Learned a level 3 spell: Confuse
  5626 | D:6      | Reached skill level 1 in Short Blades
  5707 | D:6      | Reached skill level 1 in Hexes
  5740 | D:6      | Found an ancient bone altar of Kikubaaqudgha.
  5797 | D:6      | Found an iron altar of Okawaru.
  6024 | D:1      | Killed Sigmund
  6024 | D:1      | Reached skill level 5 in Spellcasting
  6125 | D:4      | Killed Pikel
  6125 | D:4      | Reached skill level 5 in Poison Magic
  6252 | D:7      | Found a snail-covered altar of Cheibriados.
  6313 | D:7      | Reached XP level 10. HP: 60/73 MP: 14/18
  6471 | D:7      | Found Fenuotok's Food Shoppe.
  6534 | D:7      | Bought a ration for 50 gold pieces
  6534 | D:7      | Bought a ration for 50 gold pieces
  6534 | D:7      | Bought a ration for 50 gold pieces
  6534 | D:7      | Bought a ration for 50 gold pieces
  6534 | D:7      | Bought a ration for 50 gold pieces
  6576 | D:7      | Reached skill level 6 in Spellcasting
  6635 | D:7      | Reached skill level 7 in Spellcasting
  7005 | D:7      | Found a runed translucent door.
  7006 | D:7      | Noticed Crazy Yiuf
  7015 | D:7      | Killed Crazy Yiuf
  7346 | D:8      | Reached skill level 1 in Armour
  7353 | D:8      | Reached skill level 5 in Fighting
  7603 | D:8      | Reached skill level 1 in Evocations
  7756 | D:8      | Reached skill level 8 in Spellcasting
  8051 | D:9      | Found a basalt altar of Yredelemnul.
  8054 | D:9      | Noticed a two-headed ogre
  8128 | D:9      | Killed a two-headed ogre
  8128 | D:9      | Reached XP level 11. HP: 79/79 MP: 6/23
  8202 | D:9      | Found a runed translucent door.
  8202 | D:9      | Noticed Dragon00's ghost (novice MiBe)
  8309 | D:9      | Reached skill level 5 in Hexes
  8533 | D:9      | Reached skill level 9 in Spellcasting
  8626 | D:9      | Noticed a two-headed ogre
  8674 | D:9      | Killed a two-headed ogre
  8674 | D:9      | Reached skill level 5 in Short Blades
  9169 | D:10     | Entered Level 10 of the Dungeon
  9194 | D:10     | Found Iqeoset's Antique Armour Emporium.
  9202 | D:10     | Bought a runed shield for 232 gold pieces
  9202 | D:10     | Bought a shimmering scale mail for 279 gold pieces
  9202 | D:10     | Bought a heavily runed ring mail for 279 gold pieces
  9237 | D:10     | Identified the +3 ring mail of Serendipity {rPois MR+} (You
                  | bought it in a shop on level 10 of the Dungeon)
  9250 | D:10     | Identified the +2 scale mail "Ludusak" {Str+2} (You bought
                  | it in a shop on level 10 of the Dungeon)
  9341 | D:10     | Found Esuzefu's Food Shop.
  9494 | D:10     | Reached skill level 1 in Shields
  9499 | D:10     | Noticed Grum
  9513 | D:10     | Killed Grum
  9587 | D:10     | Noticed a manticore
  9593 | D:10     | Killed a manticore
  9647 | D:10     | Found Kimaereub's Antique Armour Emporium.
  9651 | D:10     | Bought a crude leather armour for 105 gold pieces
  9661 | D:10     | Identified the cursed +0 leather armour of Fowon {rPois rC+
                  | Regen+ Str+5} (You bought it in a shop on level 10 of the
                  | Dungeon)
  9745 | D:10     | Found a staircase to the Lair.
  9754 | D:10     | Found Hama's Magic Scroll Boutique.
  9776 | D:10     | Found Futhumuj's Antique Armour Emporium.
  9813 | D:10     | Bought a scroll of identify for 24 gold pieces
  9813 | D:10     | Bought a scroll of identify for 24 gold pieces
  9813 | D:10     | Bought a scroll of identify for 24 gold pieces
  9813 | D:10     | Bought a scroll of identify for 24 gold pieces
  9813 | D:10     | Bought a scroll of identify for 24 gold pieces
  9813 | D:10     | Bought a scroll of magic mapping for 42 gold pieces
  9813 | D:10     | Bought a scroll of fear for 42 gold pieces
  9836 | D:10     | Bought a pair of glowing boots for 172 gold pieces
 10089 | D:11     | Reached skill level 5 in Shields
 10187 | D:11     | Noticed a sun demon
 10188 | D:11     | Noticed a soul eater
 10252 | D:11     | Reached XP level 12. HP: 86/86 MP: 19/25
 10508 | D:11     | Noticed a four-headed hydra
 10528 | D:11     | Killed a four-headed hydra
 10638 | D:11     | Noticed an eight-headed hydra
 10645 | D:11     | Killed an eight-headed hydra
 10979 | D:12     | Found a roughly hewn altar of Beogh.
 11036 | D:12     | Noticed a six-headed hydra
 11066 | D:12     | Killed a six-headed hydra
 11066 | D:12     | Reached skill level 5 in Armour
 11066 | D:12     | Reached skill level 10 in Spellcasting
 11161 | D:12     | Noticed Frances
 11176 | D:12     | Killed Frances
 11176 | D:12     | Reached skill level 5 in Evocations
 11264 | D:12     | Found a roughly hewn altar of Beogh.
 11264 | D:12     | Found a staircase to the Orcish Mines.
 11454 | D:12     | Reached skill level 11 in Spellcasting
 11542 | D:12     | Noticed a six-headed hydra
 11577 | D:12     | Killed a six-headed hydra
 11670 | D:12     | Found Vyllocle's Weapon Shoppe.
 11817 | Orc:1    | Entered Level 1 of the Orcish Mines
 11916 | Orc:1    | Reached XP level 13. HP: 82/91 MP: 19/28
 12059 | Orc:1    | Found Moameack's Magic Scroll Shop.
 12136 | Orc:1    | Bought a scroll of enchant armour for 135 gold pieces
 12136 | Orc:1    | Bought a scroll of enchant armour for 135 gold pieces
 12136 | Orc:1    | Bought a scroll of identify for 36 gold pieces
 12136 | Orc:1    | Bought a scroll of identify for 36 gold pieces
 12136 | Orc:1    | Bought a scroll of noise for 18 gold pieces
 12212 | Orc:1    | Found a frozen archway.
 12224 | IceCv    | Entered an ice cave
 12236 | IceCv    | Reached skill level 12 in Spellcasting
 12809 | IceCv    | Reached skill level 13 in Spellcasting
 13099 | IceCv    | Noticed a frost giant
 13116 | IceCv    | Killed a frost giant
 13116 | IceCv    | Reached skill level 14 in Spellcasting
 13135 | IceCv    | Got a pitted shortbow
 13139 | IceCv    | Got a twisted flail
 13142 | IceCv    | Identified Yrywk's Disquisition on the Glacier
 13259 | Orc:1    | Identified the +8 shortbow of the Three Dances {velocity,
                  | Str+4} (You found it in an ice cave)
 13265 | Orc:1    | Identified the +8 flail of Laceration {flame, rF- rC- rN+++
                  | MR++} (You found it in an ice cave)
 13332 | Orc:1    | Reached skill level 1 in Bows
 13332 | Orc:1    | Reached skill level 10 in Evocations
 13450 | Orc:1    | Found Feol's Armour Shop.
 13497 | Orc:1    | Found Nucuack's Jewellery Shop.
 13593 | Orc:1    | Found Owkeizurod's Food Shop.
 13730 | Orc:2    | Entered Level 2 of the Orcish Mines
 14142 | Orc:2    | Noticed Urug
 14197 | Orc:2    | Killed Urug
 14347 | Orc:2    | Demolished by an orc knight

Skill      XL: |  1  2  3  4  5  6  7  8  9 10 11 12 13 |
---------------+----------------------------------------+-----
Conjurations   | 1 2 3 4 5 6 |  6.0
Polearms       | 1 2 |  2.1
Poison Magic   | 1 3 5 6 |  6.0
Fighting       | 1 3 4 5 |  5.0
Stealth        | 3 4 6 |  6.0
Fire Magic     | 1 2 3 4 |  4.1
Air Magic      | 1 2 3 4 |  4.0
Spellcasting   | 4 5 8 9 11 14 | 14.6
Short Blades   | 2 4 5 |  5.0
Hexes          | 3 4 5 8 |  8.5
Dodging        | 3 |  3.0
Armour         | 2 4 5 |  5.0
Evocations     | 2 3 6 10 | 10.0
Shields        | 7 9 |  9.0
Bows           | 2 |  2.1
Summonings     | |  1.0
Translocations | |  0.8

Action                   |  1- 3 |  4- 6 |  7- 9 | 10-12 | 13-15 || total
-------------------------+-------+-------+-------+-------+-------++-------
Melee: Short sword       |    59 |     9 |       |       |       ||    68
       Spear             |       |   111 |   187 |       |       ||   298
       Trident           |       |       |    21 |       |       ||    21
       Dagger            |       |       |    64 |   391 |   387 ||   842
 Fire: Shortbow          |       |       |       |       |   184 ||   184
Throw: Tomahawk          |       |       |     2 |       |       ||     2
       Stone             |       |       |     1 |       |       ||     1
 Cast: Magic Dart        |    48 |    70 |   128 |   119 |    42 ||   407
       Mephitic Cloud    |       |    14 |    28 |    72 |    61 ||   175
       Conjure Flame     |       |     1 |    12 |    50 |     7 ||    70
       Confuse           |       |       |       |     7 |    13 ||    20
 Abil: Dig               |     5 |     6 |    10 |    21 |    28 ||    70
Evoke: Wand              |       |       |       |     2 |     2 ||     4
  Use: Scroll            |       |       |     5 |     4 |       ||     9
 Stab: Confused          |       |     8 |    16 |    42 |    34 ||   100
       Sleeping          |       |     4 |     1 |    11 |       ||    16
       Distracted        |       |       |       |     2 |     1 ||     3
  Eat: Chunk             |       |     9 |     1 |       |       ||    10
       Ration            |       |       |     5 |     5 |     3 ||    13
Armor: Robe              |    24 |    11 |    41 |    21 |       ||    97
       Leather armour    |       |       |       |    43 |    58 ||   101
       Ring mail         |       |       |       |     6 |       ||     6
Dodge: Dodged            |    61 |    32 |   112 |   130 |   124 ||   459
Block: Shield            |       |       |       |   106 |   174 ||   280
